 Dungeon Crawl Stone Soup version 0.31-a0-640-g39d97e502b (console) character file.

Game seed: 10291029988002415722

4326 jejorda2 the Cleaver (level 10, -2/82 HPs)
             Began as a Gnoll Berserker on Aug 28, 2023.
             Was a Believer of Trog.
             Slain by Erica
             ... wielding a +3 scimitar of flaming
              (6 damage)
             ... on level 8 of the Dungeon.
             The game lasted 00:16:34 (6825 turns).

jejorda2 the Cleaver (Gnoll Berserker)              Turns: 6825, Time: 00:16:36

Health: -2/82      AC: 14    Str: 21    XL:     10   Next: 33%
Magic:  17/17      EV: 10    Int:  7    God:    Trog [**....]
Gold:   384        SH:  0    Dex: 11    Spells: 19/19 levels left

rFire   . . .        a - +0 war axe
rCold   + . .        (no shield)
rNeg    . . .        b - +0 chain mail
rPois   .            (no helmet)
rElec   .            y - +0 cloak
rCorr   .            h - +1 pair of gloves
SInv    .            (no boots)
Will    +....        (no amulet) Stlth
                     p - ring of protection from cold
HPRegen 0.33/turn    o - ring of willpower
MPRegen 0.15/turn

%: no passive effects
@: on berserk cooldown, slowed, very slow
A: fangs 1, strong nose, distributed training
a: Renounce Religion, Berserk, Trog's Hand


You were on level 8 of the Dungeon.
You worshipped Trog.
Trog was pleased with you.
You visited 1 branch of the dungeon, and saw 8 of its levels.

You collected 384 gold pieces.

Inventory:

Hand Weapons
 a - a +0 war axe (weapon)
 s - a +0 morningstar
Missiles
 c - 3 javelins
 e - 6 poisoned darts
 j - 2 boomerangs
 u - 3 curare-tipped darts
 w - a throwing net
Armour
 b - a +0 chain mail (worn)
 h - a +1 pair of gloves (worn)
 i - a +0 kite shield
 y - a +0 cloak (worn)
Jewellery
 o - a ring of willpower (right hand)
 p - a ring of protection from cold (left hand)
Wands
 d - a wand of acid (3)
Scrolls
 f - a scroll of blinking
 g - 7 scrolls of identify
Potions
 k - 2 potions of heal wounds
 l - a potion of might
 m - 2 potions of enlightenment
 n - a potion of resistance
 r - a potion of magic {unknown}


   Skills:
 + Level 8.5 Fighting
 + Level 5.2 Short Blades
 + Level 5.2 Long Blades
 + Level 8.5 Axes
 + Level 5.2 Maces & Flails
 + Level 5.2 Polearms
 + Level 5.2 Staves
 + Level 5.2 Ranged Weapons
 + Level 5.2 Throwing
 + Level 7.1 Armour
 + Level 7.1 Dodging
 + Level 5.2 Stealth
 + Level 5.2 Shields
 + Level 5.2 Unarmed Combat
 + Level 5.2 Spellcasting
 + Level 4.3 Conjurations
 + Level 4.3 Hexes
 + Level 4.3 Summonings
 + Level 4.3 Necromancy
 + Level 4.3 Translocations
 + Level 4.3 Transmutations
 + Level 4.3 Fire Magic
 + Level 4.3 Ice Magic
 + Level 4.3 Air Magic
 + Level 4.3 Earth Magic
 + Level 4.3 Poison Magic
 + Level 5.8 Invocations
 + Level 5.2 Evocations
 + Level 4.8 Shapeshifting


You had 19 spell levels left.
You didn't know any spells.
Your spell library was empty.

Dungeon Overview and Level Annotations

Branches:
Dungeon (8/15)             Temple (0/1) D:4
   Lair: D:8-11

Altars:
Ashenzari
Elyvilon
Kikubaaqudgha
Makhleb
Nemelex Xobeh
Okawaru
Vehumet
Xom
Yredelemnul

Shops:
D:7 *

Annotations:
D:8 Erica


Innate Abilities, Weirdness & Mutations

You have very sharp teeth.
Your uncanny sense of smell can sniff out nearby items.
Your experience applies equally to all skills.


Message History

Erica burns you.
You completely miss Erica.
Erica is moderately wounded.
Erica casts a spell.
Erica flickers and vanishes!
Deactivating autopickup; reactivate with Ctrl-A.
You hit something. Your bite misses something. You slash something!
Something hits you! Something burns you.
You miss something. You hit the gnoll.
You feel the effects of Trog's Hand fading.
The gnoll closely misses you. Something hits you! Something burns you.
You slash something! You slash the gnoll!
You kill the gnoll!
Trog accepts your kill.
You are no longer berserk.
You are exhausted.
You feel yourself slow down.
You hear some strange, mumbled words.
A lance of force appears from out of thin air!
The lance of force hits you!
You are knocked back by the lance of force.
You slam into the rock wall!
* * * LOW HITPOINT WARNING * * *
Unknown command.
Aiming: Corrosive Bolt
Press: ? - help, Shift-Dir - straight line Something hits you.
Something burns you.
You miss something. You bite something.
A wight comes into view.
It is wielding a +2 flail and wearing a +0 robe of willpower.
Something hits you!
* * * LOW HITPOINT WARNING * * *
Something burns you.
* * * LOW HITPOINT WARNING * * *
Aiming: Corrosive Bolt
Press: ? - help, Shift-Dir - straight line Your skin stops crawling.
You feel less strong-willed. Something hits you!
* * * LOW HITPOINT WARNING * * *
Something burns you.
You die...

#..#..# #..#..#
#..#..# #
#####..#..# .#
..z....#..#..#.
#............
#....).......
#.@{...#
#......#
#....#.#
#....#.#
##...#.#
#...#.# #...#.#
#...#.######
#...#.......


You could see a wight.

Vanquished Creatures
  A two-headed ogre (D:6)
  A gargoyle (D:7)
  Grinder (D:4)
  Eustachio (D:4)
  A steam dragon (D:8)
  Edmund (D:4)
  5 water moccasins
  Duvessa (D:4)
  An orc warrior (D:7)
  A sky beast (D:8)
  A black bear (D:5)
  An ice beast (D:7)
  2 ogres (D:6)
  A centaur (D:5)
  4 phantoms
  A bullfrog (D:6)
  6 scorpions
  Dowan (D:4)
  An electric eel (D:6)
  A crimson imp (D:7)
  A centaur zombie (D:6)
  A bullfrog zombie (D:5)
  A centaur skeleton (D:5)
  Crazy Yiuf (D:5)
  2 sleepcaps
  4 hounds
  2 jellies
  6 iguanas
  2 orc wizards
  A hound skeleton (D:5)
  A howler monkey zombie (D:6)
  7 gnolls
  6 adders
  A shadow imp (D:6)
  3 white imps
  3 ufetubi
  A worm (D:2)
  A dart slug (D:1)
  12 orcs
  4 bats
  6 endoplasms
  A giant cockroach (D:4)
  8 goblins
  5 hobgoblins
  3 quokkas
  7 ball pythons
  4 frilled lizards
  4 kobolds
  7 rats
138 creatures vanquished.

Notes
Turn   | Place    | Note
-------+----------+-------------------------------------------
     0 | D:1      | jejorda2 the Gnoll Berserker began the quest for the Orb.
     0 | D:1      | Reached XP level 1. HP: 23/23 MP: 1/1
   166 | D:1      | Reached XP level 2. HP: 29/29 MP: 2/2
   890 | D:2      | Reached XP level 3. HP: 34/35 MP: 3/3
   941 | D:2      | Reached skill level 1 in Invocations
  1001 | D:2      | Reached skill level 1 in Short Blades
  1001 | D:2      | Reached skill level 1 in Long Blades
  1001 | D:2      | Reached skill level 1 in Maces & Flails
  1001 | D:2      | Reached skill level 1 in Polearms
  1001 | D:2      | Reached skill level 1 in Staves
  1001 | D:2      | Reached skill level 1 in Ranged Weapons
  1001 | D:2      | Reached skill level 1 in Throwing
  1001 | D:2      | Reached skill level 1 in Stealth
  1001 | D:2      | Reached skill level 1 in Shields
  1001 | D:2      | Reached skill level 1 in Unarmed Combat
  1001 | D:2      | Reached skill level 1 in Spellcasting
  1001 | D:2      | Reached skill level 1 in Evocations
  1121 | D:2      | Reached XP level 4. HP: 41/41 MP: 5/5
  1135 | D:2      | Reached skill level 1 in Shapeshifting
  1172 | D:2      | Reached ** piety under Trog
  1423 | D:3      | Found a faded altar of an unknown god.
  1439 | D:3      | Reached skill level 1 in Conjurations
  1439 | D:3      | Reached skill level 1 in Hexes
  1439 | D:3      | Reached skill level 1 in Summonings
  1439 | D:3      | Reached skill level 1 in Necromancy
  1439 | D:3      | Reached skill level 1 in Translocations
  1439 | D:3      | Reached skill level 1 in Transmutations
  1439 | D:3      | Reached skill level 1 in Fire Magic
  1439 | D:3      | Reached skill level 1 in Ice Magic
  1439 | D:3      | Reached skill level 1 in Air Magic
  1439 | D:3      | Reached skill level 1 in Earth Magic
  1439 | D:3      | Reached skill level 1 in Poison Magic
  1521 | D:3      | Found a sparkling altar of Nemelex Xobeh.
  1656 | D:3      | Reached XP level 5. HP: 46/47 MP: 6/6
  2043 | D:3      | Noticed a phantom
  2054 | D:3      | Killed a phantom
  2240 | D:4      | Noticed Edmund
  2245 | D:4      | Reached XP level 6. HP: 50/53 MP: 8/8
  2257 | D:4      | Killed Edmund
  2258 | D:4      | Reached skill level 5 in Armour
  2258 | D:4      | Reached skill level 5 in Dodging
  2298 | D:4      | Noticed Eustachio
  2318 | D:4      | Killed Eustachio
  2319 | D:4      | Reached XP level 7. HP: 54/60 MP: 10/10
  2807 | D:4      | Noticed Grinder
  2807 | D:4      | Noticed Duvessa
  2807 | D:4      | Noticed Dowan
  2820 | D:4      | Killed Duvessa
  2821 | D:4      | Killed Grinder
  2822 | D:4      | Reached XP level 8. HP: 65/67 MP: 10/12
  2838 | D:4      | Killed Dowan
  2980 | D:4      | Found a staircase to the Ecumenical Temple.
  3087 | D:5      | Entered Level 5 of the Dungeon
  3642 | D:5      | Found a radiant altar of Vehumet.
  3698 | D:5      | Found a runed translucent door.
  3699 | D:5      | Noticed Crazy Yiuf
  3709 | D:5      | Killed Crazy Yiuf
  3821 | D:5      | Reached XP level 9. HP: 73/73 MP: 14/14
  3932 | D:6      | Noticed a two-headed ogre
  4024 | D:6      | Found a basalt altar of Yredelemnul.
  4251 | D:6      | Reached *** piety under Trog
  4491 | D:6      | Found a white marble altar of Elyvilon.
  4710 | D:6      | Found an ancient bone altar of Kikubaaqudgha.
  5660 | D:6      | Reached skill level 5 in Invocations
  5671 | D:6      | Killed a two-headed ogre
  5857 | D:7      | Reached XP level 10. HP: 80/80 MP: 17/17
  6004 | D:7      | Reached skill level 5 in Short Blades
  6004 | D:7      | Reached skill level 5 in Long Blades
  6004 | D:7      | Reached skill level 5 in Maces & Flails
  6004 | D:7      | Reached skill level 5 in Polearms
  6004 | D:7      | Reached skill level 5 in Staves
  6004 | D:7      | Reached skill level 5 in Ranged Weapons
  6004 | D:7      | Reached skill level 5 in Throwing
  6004 | D:7      | Reached skill level 5 in Stealth
  6004 | D:7      | Reached skill level 5 in Shields
  6004 | D:7      | Reached skill level 5 in Unarmed Combat
  6004 | D:7      | Reached skill level 5 in Spellcasting
  6004 | D:7      | Reached skill level 5 in Evocations
  6118 | D:7      | Found a broken altar of Ashenzari.
  6124 | D:7      | Found an iron altar of Okawaru.
  6207 | D:7      | Found a shimmering altar of Xom.
  6312 | D:7      | Found a burning altar of Makhleb.
  6497 | D:7      | Noticed a gargoyle
  6503 | D:7      | Killed a gargoyle
  6665 | D:7      | Found Vomoge's Fire Supplies.
  6808 | D:8      | Noticed Erica
  6825 | D:8      | HP: 4/82 [something (12)]
  6825 | D:8      | Slain by Erica

Illustrated notes

Levels and vault maps discovered:
D:1:      wander_arrival_fairy_ring, layout_basic
D:2:      layout_basic
D:3:      layout_basic, mainiacjoe_overflow_catwalk,
          hellmonk_ecumenical_altar_lost_god,
          amcnicky_mini_rare_corridor_liquid, st_stairs_14,
          nicolae_figureground_pulse
D:4:      layout_basic, minmay_temple_entry_statues_fountains,
          dk_noncrumbling_4, minmay_misc_feat_rows, uniq_eustachio,
          uniq_grinder, uniq_edmund, uniq_duvessa
D:5:      layout_loops_cross, mainiacjoe_overflow_alcove_4, serial_undead,
          serial_undead_c, serial_undead_e, serial_undead_f, serial_undead_b,
          serial_undead_a, uniq_crazy_yiuf_cottage
D:6:      minmay_chambers_of_fours, layout_loops_corners,
          mainiacjoe_overflow_brackets, lemuel_zombie_altar_yredelemnul,
          kiku_gazebo_garden_becter, kennysheep_minor_cross
D:7:      layout_rooms, grunt_temple_overflow_champion_of_chaos,
          jmf_multi_god_temple, serial_glass, glass_columns_c, glass_columns_a,
          glass_columns_a, glass_columns_a, glass_columns_b,
          nicolae_concentric_dashed_squares_wild, grunt_ministairs_5,
          nicolae_shop_fire_sale [nicolae_sub_dead_trees],
          kennysheep_nondescript, minivault_1
D:8:      layout_basic, lemuel_flame_loot_1, uniq_erica

Skill      XL: |  1  2  3  4  5  6  7  8  9 10 |
---------------+-------------------------------+-----
Invocations    | 1 2 3 4 5 |  5.8
Short Blades   | 1 2 3 4 5 |  5.2
Long Blades    | 1 2 3 4 5 |  5.2
Maces & Flails | 1 2 3 4 5 |  5.2
Polearms       | 1 2 3 4 5 |  5.2
Staves         | 1 2 3 4 5 |  5.2
Ranged Weapons | 1 2 3 4 5 |  5.2
Throwing       | 1 2 3 4 5 |  5.2
Stealth        | 1 2 3 4 5 |  5.2
Shields        | 1 2 3 4 5 |  5.2
Unarmed Combat | 1 2 3 4 5 |  5.2
Spellcasting   | 1 2 3 4 5 |  5.2
Evocations     | 1 2 3 4 5 |  5.2
Shapeshifting  | 1 2 3 4 |  4.8
Conjurations   | 1 2 3 4 |  4.3
Hexes          | 1 2 3 4 |  4.3
Summonings     | 1 2 3 4 |  4.3
Necromancy     | 1 2 3 4 |  4.3
Translocations | 1 2 3 4 |  4.3
Transmutations | 1 2 3 4 |  4.3
Fire Magic     | 1 2 3 4 |  4.3
Ice Magic      | 1 2 3 4 |  4.3
Air Magic      | 1 2 3 4 |  4.3
Earth Magic    | 1 2 3 4 |  4.3
Poison Magic   | 1 2 3 4 |  4.3
Armour         | 5 6 7 |  7.1
Dodging        | 5 6 7 |  7.1
Fighting       | 7 8 |  8.5
Axes           | 7 8 |  8.5

Action                     |  1- 3 |  4- 6 |  7- 9 | 10-12 || total
---------------------------+-------+-------+-------+-------++-------
  Melee: Hand axe          |    78 |    26 |       |       ||   104
         Bite              |     2 |     8 |    30 |     7 ||    47
         War axe           |       |    65 |   268 |    75 ||   408
         Punch             |       |     1 |     7 |     2 ||    10
 Invoke: Berserk           |     2 |     3 |     6 |     2 ||    13
         Trog's Hand       |       |       |     4 |     1 ||     5
  Evoke: Wand              |       |       |       |     2 ||     2
    Use: Scroll            |       |       |    14 |     1 ||    15
         Potion            |       |       |     1 |       ||     1
   Stab: Sleeping          |     1 |       |       |       ||     1
         Distracted        |     1 |       |       |       ||     1
 Armour: Animal skin       |    11 |       |       |       ||    11
         Scale mail        |     8 |    16 |       |       ||    24
         Chain mail        |       |    23 |   162 |    38 ||   223
  Dodge: Dodged            |    48 |    50 |   143 |    37 ||   278

Table legend: (Time is in decaauts)
 A = Elapsed time spent in this place.
 B = Non-inter-level travel time spent in this place.
 C = Inter-level travel time spent in this place.
 D = Time resting spent in this place.
 E = Time spent auto-exploring this place.
 F = Levels seen in this place.
 G = Mean time per level.
                   A        B        C        D        E       F      G
               +--------+--------+--------+--------+--------+-----+--------+
         Total |   6958 |   6624 |    334 |    714 |   4682 |   8 |  869.8 |
       Dungeon |   6958 |   6624 |    334 |    714 |   4682 |   8 |  869.8 |
               +--------+--------+--------+--------+--------+-----+--------+

Top non-repeatable levels by time:
     D:6: 1941 daAuts
     D:7: 902 daAuts
     D:4: 902 daAuts
     D:5: 851 daAuts
     D:3: 771 daAuts
     D:2: 744 daAuts
     D:1: 741 daAuts
     D:8: 102 daAuts
